[Event "Titled Tuesday Blitz October 25 Late 2022"]
[White "Castellanos Gomez, Alejandro"]
[Black "Moaataz, Ayah"]
[WhiteFideId "22284141"]
[BlackFideId "10615873"]
[WhiteElo "2168"]
[BlackElo "1993"]
[Result "1-0"]
[Round "06"]
[TimeControl "180+1"]
[Date "2022.10.26"]
[WhiteClock "0:00:22"]
[BlackClock "0:00:17"]

1. d4 d5 2. Bf4 c5 3. e3 Nc6 4. c3 Nf6 5. Nd2 g6 6. Ngf3 Bg7 7. dxc5 O-O 8. Ne5 Nh5 9. Nxc6 bxc6 10. Bg3 e5 11. Be2 Nxg3 12. hxg3 Rb8 13. b4 e4 14. Rc1 a5 15. a3 Qe7 16. Nb3 axb4 17. axb4 f5 18. Nd4 Bd7 19. O-O g5 20. Ra1 Rb7 21. b5 Qxc5 22. bxc6 Bxc6 23. Ne6 Qd6 24. Nxf8 Bxf8 25. Ra6 Qc5 26. Qd4 Bb5 27. Bxb5 Rxb5 28. Rfa1 Rb7 29. Qxc5 Bxc5 30. R1a5 Rc7 31. Rb5 Kf7 32. Raa5 Be7 33. Rxd5 Rxc3 34. Rxf5+ Kg6 35. Rfe5 Bf6 36. Rxe4 Rc1+ 37. Kh2 Rc2 38. f4 g4 39. Ra6 Kf7 40. Ra7+ Kg6 41. Re6 Kf5 42. Raa6 Bc3 43. e4# 1-0


[Site "https://www.chess.com"]

[Event "Titled Tuesday Blitz October 25 Late 2022"]
[White "Chigaev, Maksim"]
[Black "Novik, Maxim"]
[WhiteFideId "4108116"]
[BlackFideId "4102924"]
[WhiteElo "2537"]
[BlackElo "2312"]
[Result "1-0"]
[Round "06"]
[TimeControl "180+1"]
[Date "2022.10.26"]
[WhiteClock "0:01:58"]
[BlackClock "0:01:42"]

1. Nf3 Nf6 2. c4 c5 3. Nc3 g6 4. d4 cxd4 5. Nxd4 Nc6 6. e4 Nxd4 7. Qxd4 d6 8. Be2 Bg7 9. Be3 O-O 10. Qd2 Be6 11. Rc1 Qa5 12. f3 Rfc8 13. b3 a6 14. Na4 Qxd2+ 15. Kxd2 Nd7 16. g4 Rc6 17. h4 Rac8 18. h5 Bb2 19. Nxb2 1-0


[Site "https://www.chess.com"]

[Event "Titled Tuesday Blitz October 25 Late 2022"]
[White "Clawitter, Craig"]
[Black "D`Arruda, Ricardo D."]
[WhiteFideId "2023105"]
[BlackFideId "100692"]
[WhiteElo "2261"]
[BlackElo "2446"]
[Result "0-1"]
[Round "06"]
[TimeControl "180+1"]
[Date "2022.10.26"]
[WhiteClock "0:00:04"]
[BlackClock "0:00:39"]

1. e4 c5 2. Nf3 Nc6 3. d4 cxd4 4. Nxd4 e5 5. Nb5 a6 6. Nd6+ Bxd6 7. Qxd6 Qe7 8. Qd1 Nf6 9. Nc3 d6 10. Bg5 Be6 11. Nd5 Bxd5 12. exd5 Nb8 13. c4 h6 14. Be3 Nbd7 15. Be2 O-O 16. O-O b6 17. f3 Rfc8 18. Qd2 a5 19. b3 Qd8 20. Rac1 Qe7 21. Rc2 Qd8 22. Rfc1 Qe7 23. Qe1 Nh5 24. g3 f5 25. Bf2 f4 26. g4 Nhf6 27. Bd3 Nc5 28. Bf5 Re8 29. h4 e4 30. Bxc5 bxc5 31. g5 hxg5 32. hxg5 Nh7 33. Bxh7+ Kxh7 34. Qh4+ Kg6 35. Qxf4 exf3 36. Qxf3 Qe3+ 37. Qxe3 Rxe3 38. Rf2 Rae8 39. Kf1 Kxg5 40. Rcc2 Re1+ 41. Kg2 a4 42. bxa4 Ra8 43. Rc3 Rxa4 44. Rg3+ Kh6 45. Rf4 Rxa2+ 46. Kh3 g5 47. Rf6+ Kh5 0-1


[Site "https://www.chess.com"]

[Event "Titled Tuesday Blitz October 25 Late 2022"]
[White "Cortes Orihuela, Javier"]
[Black "Manukian, Artak"]
[WhiteFideId "3414329"]
[BlackFideId "13301373"]
[WhiteElo "2080"]
[BlackElo "2492"]
[Result "0-1"]
[Round "06"]
[TimeControl "180+1"]
[Date "2022.10.26"]
[WhiteClock "0:00:06"]
[BlackClock "0:00:21"]

1. d4 d5 2. c4 dxc4 3. e3 e5 4. Bxc4 exd4 5. exd4 Nf6 6. Nf3 Be7 7. O-O O-O 8. Nc3 Bg4 9. h3 Bh5 10. g4 Nxg4 11. hxg4 Bxg4 12. Bf4 Bd6 13. Bg3 Nc6 14. d5 Ne5 15. Be2 Nxf3+ 16. Bxf3 Bxg3 17. fxg3 Bf5 18. Be4 Bxe4 19. Nxe4 Re8 20. Qf3 f6 21. Rad1 Qe7 22. Rde1 Qb4 23. Qg4 Kh8 24. Re2 a5 25. Rf4 Qd4+ 26. Kg2 Qxd5 27. Qf5 Re5 28. Qg4 f5 29. Qf3 Rae8 30. g4 Rxe4 31. Rfxe4 fxe4 0-1


[Site "https://www.chess.com"]

[Event "Titled Tuesday Blitz October 25 Late 2022"]
[White "Culum, Sanjin"]
[Black "Saucey, Michel"]
[WhiteFideId "14420937"]
[BlackFideId "601845"]
[WhiteElo "2180"]
[BlackElo "2253"]
[Result "1-0"]
[Round "06"]
[TimeControl "180+1"]
[Date "2022.10.26"]
[WhiteClock "0:01:53"]
[BlackClock "0:00:44"]

1. d4 d5 2. Nf3 e6 3. c4 Nf6 4. g3 Bb4+ 5. Bd2 Be7 6. Bg2 Nbd7 7. O-O c6 8. Qc2 O-O 9. Rd1 b6 10. Bf4 Ba6 11. b3 Rc8 12. Nc3 c5 13. dxc5 Bxc5 14. Qb2 Qe7 15. cxd5 exd5 16. e3 Bb7 17. a3 a5 18. Nd4 Ne4 19. Nxe4 dxe4 20. Nf5 Qf6 21. Qxf6 Nxf6 22. Bd6 Bxd6 23. Nxd6 Rc7 24. Nxb7 Rxb7 25. Rac1 g6 26. Rc6 Kg7 27. Rdd6 Ne8 28. Rd8 f5 29. Rcc8 Re7 30. Bf1 Rc7 31. Rb8 1-0


[Site "https://www.chess.com"]

[Event "Titled Tuesday Blitz October 25 Late 2022"]
[White "Danielyan, Vahe"]
[Black "Boruchovsky, Avital"]
[WhiteFideId "13304828"]
[BlackFideId "2800055"]
[WhiteElo "2421"]
[BlackElo "2466"]
[Result "0-1"]
[Round "06"]
[TimeControl "180+1"]
[Date "2022.10.26"]
[WhiteClock "0:00:51"]
[BlackClock "0:00:40"]

1. e4 e5 2. Nf3 Nc6 3. Nc3 Nf6 4. Bb5 Bd6 5. d3 O-O 6. a3 a6 7. Ba4 b5 8. Bb3 Nd4 9. Ba2 h6 10. Nxd4 exd4 11. Ne2 c5 12. h3 Bc7 13. O-O d5 14. exd5 Nxd5 15. Ng3 Qd6 16. Qf3 Bb7 17. Qg4 Rae8 18. Bd2 Nf6 19. Qh4 Qc6 20. f3 Qd6 21. Ne4 Bxe4 22. fxe4 Qh2+ 23. Kf2 Rxe4 24. dxe4 Bg3+ 25. Qxg3 Nxe4+ 26. Kf3 Qxg3+ 27. Kxe4 Re8+ 28. Kd5 Qe5+ 29. Kc6 Rc8+ 30. Kb7 Qc7+ 31. Kxa6 Qc6+ 32. Ka5 Ra8# 0-1


[Site "https://www.chess.com"]

[Event "Titled Tuesday Blitz October 25 Late 2022"]
[White "Dilmukhametov, Artur"]
[Black "Papasimakopoulos, Alexandros"]
[WhiteFideId "24179922"]
[BlackFideId "4244125"]
[WhiteElo "2197"]
[BlackElo "2357"]
[Result "0-1"]
[Round "06"]
[TimeControl "180+1"]
[Date "2022.10.26"]
[WhiteClock "0:00:03"]
[BlackClock "0:01:45"]

1. d4 e6 2. e4 d5 3. Nd2 Nf6 4. e5 Nfd7 5. Bd3 c5 6. c3 Nc6 7. Ne2 cxd4 8. cxd4 f6 9. Nf4 Nxd4 10. Qh5+ Ke7 11. exf6+ Nxf6 12. Ng6+ hxg6 13. Qxh8 Kf7 14. Qh4 e5 15. Nf3 Nxf3+ 16. gxf3 Bf5 17. Bxf5 gxf5 18. Bg5 Qa5+ 19. Kf1 g6 20. Rc1 Be7 21. Kg2 Rd8 22. Rhg1 d4 23. Kh1 Rg8 24. Bxf6 Bxf6 25. Qh7+ Rg7 26. Qh8 Qd8 27. Rc8 Qxh8 28. Rxh8 Ke6 29. h4 d3 30. Rd1 Rd7 31. Re8+ Kf7 32. Ra8 Bxh4 33. Rxa7 Bxf2 34. Ra3 e4 35. Kg2 Bc5 36. Rc3 b6 37. fxe4 fxe4 38. Rc4 e3 39. Rf4+ Kg7 40. Kf3 e2 41. Rh1 Re7 42. Re4 Rxe4 0-1


[Site "https://www.chess.com"]

[Event "Titled Tuesday Blitz October 25 Late 2022"]
[White "Dzierzak, Radoslaw"]
[Black "Shapiro, Daniel"]
[WhiteFideId "1161407"]
[BlackFideId "2001780"]
[WhiteElo "2111"]
[BlackElo "2242"]
[Result "0-1"]
[Round "06"]
[TimeControl "180+1"]
[Date "2022.10.26"]
[WhiteClock "0:00:30"]
[BlackClock "0:00:52"]

1. e4 e5 2. Nf3 Nc6 3. Bc4 Be7 4. O-O d6 5. h3 Nf6 6. d3 h6 7. a4 O-O 8. Re1 Be6 9. Nbd2 Qd7 10. Kh2 Nh7 11. c3 f5 12. exf5 Rxf5 13. Bxe6+ Qxe6 14. d4 Raf8 15. c4 Qf7 16. d5 Nd4 17. Nxd4 exd4 18. f3 Bf6 19. Ne4 Be5+ 20. Kh1 Qh5 21. Bd2 Rxf3 22. Nf2 Qh4 23. Rf1 Rxf2 24. Rxf2 Rxf2 25. Be1 Qf4 26. Kg1 Rf1# 0-1


[Site "https://www.chess.com"]

[Event "Titled Tuesday Blitz October 25 Late 2022"]
[White "Estrada Nieto, Julian"]
[Black "Sargsyan, Anna M."]
[WhiteFideId "5101018"]
[BlackFideId "13308130"]
[WhiteElo "2252"]
[BlackElo "2284"]
[Result "1/2-1/2"]
[Round "06"]
[TimeControl "180+1"]
[Date "2022.10.26"]
[WhiteClock "0:00:08"]
[BlackClock "0:00:04"]

1. e4 c6 2. d4 d5 3. Nc3 dxe4 4. Nxe4 Bf5 5. Ng3 Bg6 6. h4 h6 7. Nf3 e6 8. h5 Bh7 9. Bd3 Bxd3 10. Qxd3 Nf6 11. Bd2 c5 12. O-O-O Nc6 13. Bc3 Qd5 14. dxc5 Qxd3 15. Rxd3 Bxc5 16. Bxf6 gxf6 17. Ne4 Be7 18. Nd6+ Bxd6 19. Rxd6 Ke7 20. Rhd1 Rad8 21. Rxd8 Nxd8 22. Rd3 Rg8 23. g3 Rg4 24. Nd4 Rg5 25. Rc3 Rxh5 26. Rc7+ Kd6 27. Rc8 Kd7 28. Ra8 a6 29. Kd2 Rh1 30. Nb3 Rf1 31. Ke2 Rb1 32. Nc5+ Kc7 33. Nd3 h5 34. a4 h4 35. gxh4 Rh1 36. b3 Rxh4 37. Kd2 Rd4 38. Kc3 Rd5 39. f4 b6 40. Nb4 Rd6 41. Ra7+ Kb8 42. Re7 b5 43. a5 f5 44. Nd3 Nc6 45. Rxf7 Nxa5 46. Ne5 Nc6 47. Nd7+ Kc8 48. Nc5 Nd8 49. Ra7 Rc6 50. b4 a5 51. Rxa5 e5 52. fxe5 Ne6 53. Ra8+ Kc7 54. Ra7+ Kb8 55. Rf7 Nxc5 56. bxc5 Rxc5+ 57. Kd4 Rxc2 58. Rxf5 Kc7 59. e6 Kd6 60. Rxb5 Kxe6 61. Rb6+ 1/2-1/2


[Site "https://www.chess.com"]

[Event "Titled Tuesday Blitz October 25 Late 2022"]
[White "Fernandez De La Vara, Arnaldo"]
[Black "Ferreira, Vitor Hugo Vieira"]
[WhiteFideId "3518388"]
[BlackFideId "2119765"]
[WhiteElo "2387"]
[BlackElo "2168"]
[Result "1-0"]
[Round "06"]
[TimeControl "180+1"]
[Date "2022.10.26"]
[WhiteClock "0:00:51"]
[BlackClock "0:00:01"]

1. Nf3 Nf6 2. b3 d5 3. c4 e6 4. Bb2 c6 5. g3 Nbd7 6. Bg2 Be7 7. O-O O-O 8. Nc3 b6 9. d4 Bb7 10. Rc1 Rc8 11. Qc2 c5 12. dxc5 bxc5 13. cxd5 exd5 14. Rfd1 Qa5 15. Qb1 Nb6 16. Nh4 Rfe8 17. Nf5 Bf8 18. e3 Ba8 19. Ne2 Ne4 20. Qa1 g6 21. Ng7 Re7 22. Nf4 c4 23. bxc4 Nxc4 24. Bd4 Ned2 25. h4 h5 26. Nfxh5 gxh5 27. Nxh5 Rc6 28. Bc3 Qa3 29. Bxd2 Nxd2 30. Rxc6 Bxc6 31. Nf6+ Kh8 32. Nh5+ Kh7 33. Rxd2 Qd6 34. Nf6+ 1-0


[Site "https://www.chess.com"]

[Event "Titled Tuesday Blitz October 25 Late 2022"]
[White "Fernandez Siles, Luis"]
[Black "Ezat, Mohamed"]
[WhiteFideId "2209420"]
[BlackFideId "10600906"]
[WhiteElo "2186"]
[BlackElo "2386"]
[Result "0-1"]
[Round "06"]
[TimeControl "180+1"]
[Date "2022.10.26"]
[WhiteClock "0:00:06"]
[BlackClock "0:00:36"]

1. d4 Nf6 2. c4 d6 3. Nf3 Bg4 4. Nc3 Nbd7 5. e4 e5 6. Be2 exd4 7. Nxd4 Bxe2 8. Qxe2 Be7 9. O-O O-O 10. b3 Re8 11. Bb2 Bf8 12. Qc2 g6 13. Rad1 Bg7 14. f3 c6 15. Kh1 Rc8 16. Qf2 Ne5 17. Rd2 Bh6 18. Rdd1 Nh5 19. c5 Bf4 20. Nde2 Qg5 21. Nxf4 Nxf4 22. cxd6 Rcd8 23. Bc1 Qf6 24. Qe3 Ned3 25. Rxd3 Nxd3 26. Qxd3 Rxd6 27. Qc2 Red8 28. h3 Qh4 29. e5 Rd3 30. Ne4 Qe7 31. Bg5 Qxe5 32. Bxd8 Rxd8 0-1


[Site "https://www.chess.com"]

[Event "Titled Tuesday Blitz October 25 Late 2022"]
[White "Garayev, Kanan"]
[Black "Zochowski, Kacper"]
[WhiteFideId "13406671"]
[BlackFideId "1125494"]
[WhiteElo "2244"]
[BlackElo "2292"]
[Result "0-1"]
[Round "06"]
[TimeControl "180+1"]
[Date "2022.10.26"]
[WhiteClock "0:00:01"]
[BlackClock "0:01:05"]

1. e4 d6 2. d4 g6 3. Nc3 Bg7 4. g3 b6 5. Bg2 Bb7 6. Nge2 Nd7 7. O-O e5 8. Be3 Ngf6 9. h3 O-O 10. d5 a6 11. f4 exf4 12. gxf4 Re8 13. Bd4 b5 14. a3 Nc5 15. Bxc5 dxc5 16. e5 Nh5 17. b4 cxb4 18. axb4 f6 19. e6 f5 20. Bf3 Nxf4 21. Nxf4 Bxc3 22. Ra3 Bxb4 23. Rd3 Bd6 24. Bg2 Qg5 25. Qd2 Rad8 26. Qf2 Qe7 27. Kh1 Be5 28. Re1 Bg7 29. Qa7 Rb8 30. d6 cxd6 31. Bxb7 Qxb7+ 32. Qxb7 Rxb7 33. Rxd6 a5 34. Nd5 a4 35. e7 Kf7 36. Ra6 Rd7 37. c4 bxc4 38. Nb4 Rexe7 39. Rxe7+ Rxe7 40. Rxa4 c3 41. Ra6 Rb7 42. Nd3 Rd7 43. Nb4 Rd4 0-1


[Site "https://www.chess.com"]

[Event "Titled Tuesday Blitz October 25 Late 2022"]
[White "Gireman, Ja"]
[Black "Dauw, Sterre"]
[WhiteFideId "5043794"]
[BlackFideId "248886"]
[WhiteElo "2153"]
[BlackElo "2187"]
[Result "1/2-1/2"]
[Round "06"]
[TimeControl "180+1"]
[Date "2022.10.26"]
[WhiteClock "0:01:35"]
[BlackClock "0:01:40"]

1. e4 e5 2. Nf3 Nc6 3. Bc4 Nf6 4. d4 exd4 5. O-O d6 6. Nxd4 Nxd4 7. Qxd4 Be7 8. Nc3 O-O 9. Kh1 Ng4 10. h3 Bf6 11. Qd1 Bxc3 12. bxc3 Qh4 13. Kg1 Ne5 14. Bd3 Bxh3 15. gxh3 Qxh3 16. f4 Qg3+ 17. Kh1 Qh3+ 18. Kg1 1/2-1/2


[Site "https://www.chess.com"]

[Event "Titled Tuesday Blitz October 25 Late 2022"]
[White "Gogolev, Artem"]
[Black "Vovk, Orest"]
[WhiteFideId "4116615"]
[BlackFideId "14113490"]
[WhiteElo "2178"]
[BlackElo "2215"]
[Result "0-1"]
[Round "06"]
[TimeControl "180+1"]
[Date "2022.10.26"]
[WhiteClock "0:00:02"]
[BlackClock "0:00:06"]

1. d4 e5 2. dxe5 Nc6 3. Nf3 Qe7 4. c4 Nxe5 5. Nxe5 Qxe5 6. Nc3 Nf6 7. e3 Bc5 8. Be2 O-O 9. O-O d6 10. Bd2 Bf5 11. Nb5 Bb6 12. Bc3 Qe7 13. Nd4 Bg6 14. b3 Ne4 15. Bb2 Rfe8 16. Rc1 Nxf2 17. Rxf2 Qxe3 18. Bf1 Re4 19. c5 dxc5 20. Nc2 Qg5 21. Bc4 Rd8 22. Qf1 Qe7 23. Kh1 Ba5 24. Re2 Rxe2 25. Bxe2 Rd2 26. Rd1 Rxc2 27. Ba3 h6 28. Bf3 Rxa2 29. Bc1 Rc2 30. Bf4 c6 31. h3 Bc7 32. Bg4 Bxf4 33. Qxf4 Rc3 34. Bf5 Bxf5 35. Qxf5 Re3 36. Rd7 Re1+ 37. Kh2 Qe5+ 38. Qxe5 Rxe5 39. Rxb7 c4 40. bxc4 Rc5 41. Rxa7 Rxc4 42. Rc7 g5 43. g4 Kg7 44. Kg3 Rc3+ 45. Kg2 Kg6 46. Rd7 f6 47. Rc7 h5 48. Rd7 h4 49. Re7 c5 50. Rc7 c4 51. Kh2 Rc2+ 52. Kg1 c3 53. Kh1 f5 54. Rc6+ Kf7 55. gxf5 Ke7 56. f6+ Kf7 57. Kg1 Kg6 58. Kh1 Rc1+ 59. Kg2 Rc2+ 60. Kh1 Rf2 61. Kg1 Rxf6 62. Rxc3 Rf4 63. Kg2 Rf6 64. Rd3 Ra6 65. Rd2 Ra4 66. Rc2 Kf5 67. Rc5+ Kf4 68. Rc2 Ra3 69. Rf2+ Ke4 70. Rb2 Rd3 71. Rb4+ Ke3 72. Rb5 Rd2+ 73. Kg1 Kf4 74. Rb3 Re2 75. Rb4+ Kf3 76. Rb3+ Re3 77. Rb2 Re1+ 78. Kh2 Re2+ 79. Rxe2 Kxe2 80. Kg2 Ke3 81. Kg1 Kf3 82. Kh2 Kf2 83. Kh1 Kg3 0-1


[Site "https://www.chess.com"]

[Event "Titled Tuesday Blitz October 25 Late 2022"]
[White "Golubev, Mikhail"]
[Black "Matinian, Nikita"]
[WhiteFideId "14100983"]
[BlackFideId "24129100"]
[WhiteElo "2374"]
[BlackElo "2422"]
[Result "1-0"]
[Round "06"]
[TimeControl "180+1"]
[Date "2022.10.26"]
[WhiteClock "0:00:02"]
[BlackClock "0:00:01"]

1. e4 e5 2. d4 exd4 3. Qxd4 Nc6 4. Qd3 g6 5. Nc3 Bg7 6. Bf4 Nge7 7. O-O-O O-O 8. h4 Nb4 9. Qd2 d5 10. Nxd5 Nexd5 11. exd5 a5 12. c3 Bf5 13. cxb4 axb4 14. Bc4 Ra5 15. Nf3 Rc5 16. Qxb4 b6 17. Nd4 Be4 18. Nb3 Rxc4+ 19. Qxc4 Qf6 20. Rd2 Qxf4 21. Re1 Re8 22. f3 Qxh4 23. Rxe4 Qh1+ 24. Kc2 Ra8 25. Qc6 Rxa2 26. Re8+ Bf8 27. Qxc7 Qf1 28. Qe7 1-0


[Site "https://www.chess.com"]

[Event "Titled Tuesday Blitz October 25 Late 2022"]
[White "Gonzalez, Francisco Silva"]
[Black "Janaszak, Dawid"]
[WhiteFideId "1512285"]
[BlackFideId "1119206"]
[WhiteElo "2159"]
[BlackElo "2226"]
[Result "0-1"]
[Round "06"]
[TimeControl "180+1"]
[Date "2022.10.26"]
[WhiteClock "0:00:19"]
[BlackClock "0:00:03"]

1. d4 Nf6 2. c4 g6 3. Nc3 Bg7 4. e4 d6 5. f3 a6 6. Be3 Nc6 7. Nge2 O-O 8. Qd2 Na5 9. b3 h5 10. Rd1 b5 11. cxb5 axb5 12. Nxb5 c6 13. Nbc3 Qc7 14. Nc1 e5 15. dxe5 dxe5 16. Be2 h4 17. O-O Nh5 18. Qd6 Qb7 19. Na4 Nf4 20. Nc5 Qa7 21. Bf2 Nb7 22. Nxb7 Qxb7 23. Bxh4 Be6 24. Bc4 Rfe8 25. Bxe6 Rxe6 26. Qd2 Bh6 27. Qc2 Rae8 28. Kh1 g5 29. Bf2 Rg6 30. g4 Bf8 31. Nd3 Rh6 32. Nc5 Qe7 33. Nd3 Qf6 34. Bg3 Qh8 35. Nf2 Bb4 36. Rd7 Rf8 37. Qc4 Ba3 38. Rfd1 Qf6 39. Nd3 Ne2 40. Nxe5 Nxg3+ 41. Kg2 Qxe5 42. hxg3 Qh8 43. Rg1 Rh2+ 44. Kf1 Qa1+ 0-1


[Site "https://www.chess.com"]

[Event "Titled Tuesday Blitz October 25 Late 2022"]
[White "Goroshkov, Maksym"]
[Black "Pein, Jonathan"]
[WhiteFideId "14142716"]
[BlackFideId "417092"]
[WhiteElo "2257"]
[BlackElo "2240"]
[Result "1-0"]
[Round "06"]
[TimeControl "180+1"]
[Date "2022.10.26"]
[WhiteClock "0:01:21"]
[BlackClock "0:00:28"]

1. e4 e6 2. d4 d5 3. exd5 Qxd5 4. c4 Qd7 5. Nc3 Nf6 6. Nf3 Be7 7. Bd3 b6 8. Ne5 Qd8 9. Qf3 Qxd4 10. Qxa8 Qxe5+ 11. Be3 Nfd7 12. Qe4 Qa5 13. O-O Nf6 14. Qh4 Bb7 15. Nb5 O-O 16. Bd4 h6 17. Bc3 Qa6 18. Nxc7 Qa5 19. Bxa5 bxa5 20. Nb5 a6 21. Nc3 Nc6 22. Rad1 Ne5 23. Qg3 Ned7 24. Qc7 Ba8 25. Bh7+ Kxh7 26. Rxd7 Nxd7 27. Qxd7 Bf6 28. Rd1 Rb8 29. b3 Bxc3 30. Qd3+ Kg8 31. Qxc3 Re8 32. Qd3 Bc6 33. Qd6 Rc8 34. c5 a4 35. bxa4 Bxa4 36. Qxa6 Bxd1 37. Qxc8+ 1-0


[Site "https://www.chess.com"]

[Event "Titled Tuesday Blitz October 25 Late 2022"]
[White "Goryachkina, Aleksandra"]
[Black "Potapova, Margarita"]
[WhiteFideId "4147103"]
[BlackFideId "14126869"]
[WhiteElo "2484"]
[BlackElo "2150"]
[Result "1-0"]
[Round "06"]
[TimeControl "180+1"]
[Date "2022.10.26"]
[WhiteClock "0:00:49"]
[BlackClock "0:00:03"]

1. e4 e5 2. Nf3 Nc6 3. d4 exd4 4. Nxd4 Nf6 5. Nxc6 bxc6 6. Bd3 d5 7. exd5 cxd5 8. O-O Be7 9. c4 O-O 10. Nc3 d4 11. Ne4 Rb8 12. b3 Nxe4 13. Bxe4 c5 14. Qh5 g6 15. Qf3 Bg5 16. h3 Bxc1 17. Raxc1 Kg7 18. Rfe1 Be6 19. Re2 Qf6 20. Qg3 Qd8 21. Rce1 Qb6 22. h4 Rbd8 23. Bd3 Qd6 24. Re5 Bd7 25. h5 Rde8 26. h6+ Kxh6 27. Rh5+ Kxh5 28. Qxd6 Rxe1+ 29. Kh2 Rd8 30. Qxc5+ Kh6 31. Qxd4 Ree8 32. Qxa7 Be6 33. Be4 Bxc4 34. Qe3+ 1-0


[Site "https://www.chess.com"]

[Event "Titled Tuesday Blitz October 25 Late 2022"]
[White "Graif, William"]
[Black "Javakhadze, Zurab"]
[WhiteFideId "2609835"]
[BlackFideId "13603647"]
[WhiteElo "2205"]
[BlackElo "2381"]
[Result "0-1"]
[Round "06"]
[TimeControl "180+1"]
[Date "2022.10.26"]
[WhiteClock "0:00:02"]
[BlackClock "0:00:20"]

1. d4 Nf6 2. Nc3 d5 3. e4 Nxe4 4. Nxe4 dxe4 5. Be3 g6 6. f3 exf3 7. Nxf3 Bg7 8. Qd2 c5 9. O-O-O cxd4 10. Bxd4 O-O 11. Qg5 Qc7 12. Bxg7 Kxg7 13. h4 f6 14. Qe3 Bg4 15. h5 gxh5 16. Be2 Nc6 17. Nd4 Qe5 18. Qxe5 fxe5 19. Nxc6 Bxe2 20. Rde1 bxc6 21. Rxe2 Rf5 22. Rhe1 Kf6 23. Rd1 Ke6 24. Rd3 Rc8 25. Ra3 Rf1+ 26. Kd2 Rc7 27. Ra5 Rf5 28. Kc3 h4 29. Ra4 h3 30. gxh3 Rf3+ 31. Kd2 Rd7+ 32. Ke1 Rxh3 33. Ra5 Rh5 34. Ra6 Rc7 0-1


[Site "https://www.chess.com"]

[Event "Titled Tuesday Blitz October 25 Late 2022"]
[White "Gritsenko, Nikolai"]
[Black "Petrovic, Aleksa"]
[WhiteFideId "14112493"]
[BlackFideId "967629"]
[WhiteElo "2389"]
[BlackElo "2242"]
[Result "1-0"]
[Round "06"]
[TimeControl "180+1"]
[Date "2022.10.26"]
[WhiteClock "0:00:03"]
[BlackClock "0:00:04"]

1. e4 c6 2. Nf3 d5 3. Nc3 Nf6 4. e5 Ne4 5. Ne2 Qb6 6. d4 h6 7. Ng3 Bg4 8. c3 e6 9. Bd3 Nxg3 10. hxg3 c5 11. Qa4+ Nc6 12. dxc5 Bxc5 13. Qxg4 Bxf2+ 14. Ke2 O-O-O 15. Rf1 Bc5 16. b4 Be7 17. Qxg7 Rhg8 18. Qxf7 Rxg3 19. Qxe6+ Kb8 20. Be3 d4 21. Bf2 Rxg2 22. b5 dxc3 23. bxc6 Qb2+ 24. Ke3 Bc5+ 25. Ke4 Qb4+ 26. Bc4 Rg4+ 27. Qxg4 Qxc4+ 28. Bd4 Bxd4 29. c7+ Kxc7 30. Qg7+ Kb8 31. Nxd4 Qxd4+ 32. Kf5 c2 33. Rac1 Qd3+ 34. Kf6 Rc8 35. Qe7 Rc6+ 36. e6 Qd4+ 37. Kg6 Qg4+ 38. Kh7 Qe4+ 39. Kh8 Rc8+ 40. Rf8 Qe5+ 41. Kh7 Qe4+ 42. Kg7 Qe5+ 43. Qf6 Qg3+ 44. Kh7 Qd3+ 45. Kh8 Qd2 46. Rxc8+ Kxc8 47. e7 Qxc1 48. e8=Q+ Kc7 49. Qed8# 1-0


[Site "https://www.chess.com"]

[Event "Titled Tuesday Blitz October 25 Late 2022"]
[White "Gunduz, Umut Erdem"]
[Black "Mickiewicz, Piotr"]
[WhiteFideId "6381383"]
[BlackFideId "1114891"]
[WhiteElo "2182"]
[BlackElo "2246"]
[Result "1-0"]
[Round "06"]
[TimeControl "180+1"]
[Date "2022.10.26"]
[WhiteClock "0:00:54"]
[BlackClock "0:00:11"]

1. e4 c5 2. Nf3 e6 3. d4 cxd4 4. Nxd4 Nc6 5. Nc3 a6 6. g3 h5 7. h3 Nf6 8. Bg2 Qc7 9. O-O Nxd4 10. Qxd4 Bc5 11. Bf4 d6 12. Qd2 h4 13. g4 e5 14. Bg5 Be6 15. Rad1 b5 16. a3 Rc8 17. Kh1 Nd7 18. Be3 Ke7 19. f4 Bxe3 20. Qxe3 Qc5 21. Qxc5 Nxc5 22. f5 Bc4 23. Rf2 f6 24. Rfd2 Rhd8 25. Kg1 Bf7 26. Kf2 Nb7 27. Ke3 Rc5 28. Ne2 Rdc8 29. c3 Na5 30. Nc1 R5c6 31. Bf1 Bc4 32. Nd3 Nb3 33. Rg2 a5 34. g5 Bf7 35. Be2 fxg5 36. Rxg5 Kf6 37. Rdg1 Rg8 38. Nf2 b4 39. axb4 axb4 40. Ng4+ Ke7 41. Rxg7 Rxg7 42. f6+ Kf8 43. fxg7+ Ke7 44. Nh6 Be6 45. Rg6 Rc8 46. Rxe6+ Kxe6 47. Bg4+ Kf6 48. Bxc8 Kxg7 49. Nf5+ Kf6 50. Nxh4 bxc3 51. bxc3 Na5 52. Nf3 1-0


[Site "https://www.chess.com"]

[Event "Titled Tuesday Blitz October 25 Late 2022"]
[White "Guz, Ari"]
[Black "Goncalves, Davi Sulzbacher"]
[WhiteFideId "2825759"]
[BlackFideId "2154510"]
[WhiteElo "2205"]
[BlackElo "2182"]
[Result "0-1"]
[Round "06"]
[TimeControl "180+1"]
[Date "2022.10.26"]
[WhiteClock "0:01:22"]
[BlackClock "0:00:14"]

1. e4 c6 2. Nf3 d6 3. d4 Nd7 4. Bc4 Ngf6 5. e5 Nd5 6. e6 fxe6 7. O-O g6 8. Ng5 N7b6 9. Bd3 Bg7 10. Nxh7 Kd7 11. Ng5 Qg8 12. Re1 Bxd4 13. c4 Nf6 14. c5 Nbd5 15. Nxe6 Be5 16. cxd6 Qxe6 17. f4 Bd4+ 18. Kh1 Ng4 19. h3 Nf2+ 20. Kh2 Rxh3+ 21. Kg1 Rh1# 0-1


[Site "https://www.chess.com"]

[Event "Titled Tuesday Blitz October 25 Late 2022"]
[White "Halak, Miklos"]
[Black "Phillips, Rene"]
[WhiteFideId "726400"]
[BlackFideId "2056275"]
[WhiteElo "2197"]
[BlackElo "2026"]
[Result "0-1"]
[Round "06"]
[TimeControl "180+1"]
[Date "2022.10.26"]
[WhiteClock "0:00:16"]
[BlackClock "0:00:55"]

1. d4 Nc6 2. d5 Ne5 3. e4 e6 4. dxe6 dxe6 5. Qxd8+ Kxd8 6. f4 Nc6 7. Nf3 Bc5 8. c3 Nge7 9. Ng5 Ke8 10. Bb5 h6 11. Nf3 Bd7 12. b4 Bb6 13. Na3 a6 14. Ba4 Rd8 15. Nc4 Ba7 16. Bb3 b5 17. Nce5 Nxe5 18. Nxe5 Nc6 19. Nf3 Ke7 20. Ke2 Rhe8 21. a3 Kf8 22. Rf1 Kg8 23. Be3 Bxe3 24. Kxe3 Ne7 25. g4 Bc6 26. h4 Rd6 27. Nd4 Red8 28. g5 h5 29. Rad1 g6 30. e5 R6d7 31. Nxc6 Nxc6 32. Rxd7 Rxd7 33. Rd1 Rxd1 34. Bxd1 Ne7 35. Bf3 Nf5+ 36. Kf2 Nxh4 37. Bb7 Nf5 38. Bxa6 c6 39. c4 Nd4 40. cxb5 cxb5 41. Kg3 Kf8 42. Kf2 Ke7 43. Ke3 Nc2+ 44. Kd3 Nxa3 45. Kc3 Kd7 46. Kb3 Kc6 47. Kxa3 h4 0-1


[Site "https://www.chess.com"]

[Event "Titled Tuesday Blitz October 25 Late 2022"]
[White "Hansen, Eric"]
[Black "Ozdemir, Serhan Berat"]
[WhiteFideId "2606771"]
[BlackFideId "6374611"]
[WhiteElo "2568"]
[BlackElo "2016"]
[Result "1-0"]
[Round "06"]
[TimeControl "180+1"]
[Date "2022.10.26"]
[WhiteClock "0:00:41"]
[BlackClock "0:00:01"]

1. Nf3 Nf6 2. c4 g6 3. g3 Bg7 4. Bg2 O-O 5. O-O d6 6. b3 e5 7. Bb2 Re8 8. d3 Nc6 9. Nbd2 a5 10. a3 Bf5 11. h3 h6 12. e4 Be6 13. Bc3 Qd7 14. Kh2 Nh7 15. b4 axb4 16. axb4 f5 17. Rxa8 Rxa8 18. b5 Ne7 19. d4 fxe4 20. Nxe4 Bxc4 21. dxe5 Bxf1 22. Bxf1 Rf8 23. Kg2 d5 24. Nc5 Qf5 25. Bd3 Qf7 26. Qe2 b6 27. Nd7 Qxf3+ 28. Qxf3 Rxf3 29. Kxf3 Kf7 30. Nb8 Ke6 31. Kf4 g5+ 32. Kg4 Nf8 33. f4 gxf4 34. gxf4 d4 35. Bc4+ Nd5 36. Bxd4 Nd7 37. Nxd7 Kxd7 38. Bxd5 1-0


[Site "https://www.chess.com"]